 Dungeon Crawl Stone Soup version 0.30.0-19-g36f170ea60 (webtiles) character file.

Game seed: 17863400095016748682

116 cdecastro the Poker (level 5, 0/38 HPs)
             Began as a Merfolk Gladiator on May 27, 2023.
             Slain by a sleepcap (11 damage)
             ... on level 4 of the Dungeon.
             The game lasted 00:04:01 (2052 turns).

cdecastro the Poker (Merfolk Gladiator)             Turns: 2052, Time: 00:04:02

Health: 0/38       AC: 10    Str: 14    XL:     5   Next: 0%
Magic:  5/5        EV:  2    Int: 10    God:
Gold:   182        SH:  0    Dex: 15    Spells: 4/4 levels left

rFire   . . .        a - +0 trident
rCold   . . .        (no shield)
rNeg    . . .        t - +0 ring mail
rPois   .            k - +1 helmet
rElec   .            (no cloak)
rCorr   .            i - +2 pair of gloves
SInv    .            (no boots)
Will    .....        (no amulet)
Stlth   +            (no ring)
HPRegen 0.26/turn    (no ring)
MPRegen 0.09/turn

%: no passive effects
@: sleeping
A: (nimble swimmer 2), mertail
a: no special abilities


You were on level 4 of the Dungeon.
You visited 1 branch of the dungeon, and saw 4 of its levels.

You collected 182 gold pieces.

Inventory:

Hand Weapons
 a - a +0 trident (weapon)
Missiles
 c - 6 poisoned darts
 d - 3 throwing nets
 e - a javelin
 p - 12 curare-tipped darts (quivered)
Armour
 b - a +0 leather armour
 i - a +2 pair of gloves (worn)
 k - a +1 helmet (worn)
 t - a +0 ring mail (worn)
Wands
 s - a wand of roots (8)
 v - a wand of flame (18)
 x - a wand of digging (7)
Scrolls
 f - 7 scrolls of identify {unknown}
 j - a scroll of amnesia {unknown}
 n - 2 scrolls of enchant weapon {unknown}
 o - a scroll of brand weapon {unknown}
 q - 3 scrolls of teleportation {unknown}
 r - a scroll of fear {unknown}
 w - a scroll of noise {unknown}
Potions
 g - 3 potions of mutation {unknown}
 h - 2 potions of resistance {unknown}
 l - a potion of haste {unknown}
 m - 3 potions of curing {unknown}
 u - a potion of berserk rage {unknown}


   Skills:
 - Level 2.1 Fighting
 + Level 7.3 Polearms
 - Level 2.0 Throwing
 - Level 4.0 Dodging


You had 4 spell levels left.
You didn't know any spells.
Your spell library was empty.

Dungeon Overview and Level Annotations

Branches:
Dungeon (4/15)
 Temple: D:4-7

Altars:

Annotations:
D:3 Grinder


Innate Abilities, Weirdness & Mutations

((You are very nimble when in or above water. (Stealth+, EV+, Speed+++)))
Your lower body shifts to a powerful aquatic tail in water.


Message History

The sleepcap is moderately damaged.
The sleepcap barely misses you.
Unknown command.
You hit the sleepcap.
The sleepcap is moderately damaged.
The sleepcap closely misses you.
Unknown command.
You hit the sleepcap but do no damage.
The sleepcap is moderately damaged.
Unknown command.
You hit the sleepcap.
The sleepcap is moderately damaged.
The sleepcap closely misses you.
Unknown command.
You hit the sleepcap but do no damage.
The sleepcap is moderately damaged.
The sleepcap closely misses you.
Unknown command.
You hit the sleepcap but do no damage.
The sleepcap is moderately damaged.
The sleepcap releases spores at you!
* * * LOW HITPOINT WARNING * * *
Unknown command.
You completely miss the sleepcap.
The sleepcap is moderately damaged.
The sleepcap releases spores at you but does no damage.
Unknown command.
You hit the sleepcap but do no damage.
The sleepcap is moderately damaged.
The sleepcap releases spores at you but does no damage.
Unknown command.
You hit the sleepcap but do no damage.
The sleepcap is moderately damaged.
The sleepcap releases spores at you.
* * * LOW HITPOINT WARNING * * *
You are engulfed in a cloud of soporific spores!
You fall asleep.
The sleepcap releases spores at you but does no damage.
The sleepcap releases spores at you!
You die...

....... .... #... # #..... ..
..... #... .. #....# #.##....
#... .####.##....# #......#
#... >...#.......####....#.#
#... ##....###.#.#.......#.#
#... .......#...............#.#
#...
#..##........###.##.#....###...
..........#.f@.........>......
#....#...#.#..#.#.#.######...
#....#...#..............##...
#....#...#.#.......#....##...
#........#.#....#.##....#####
##.........#.#..........# #
#........##............# .
##.......####..........# .
#.......# #....##....# .


You could see a sleepcap.

Vanquished Creatures
  A scorpion (D:2)
  An adder (D:3)
  A dart slug (D:3)
  2 orcs
  A ball python (D:3)
  5 bats
  8 endoplasms
  3 giant cockroaches
  2 goblins (D:1)
  2 hobgoblins
  3 kobolds
  6 quokkas
  2 frilled lizards
37 creatures vanquished.

Notes
Turn   | Place    | Note
-------+----------+-------------------------------------------
     0 | D:1      | cdecastro the Merfolk Gladiator began the quest for the
                  | Orb.
     0 | D:1      | Reached XP level 1. HP: 16/16 MP: 1/1
   173 | D:1      | Reached XP level 2. HP: 22/22 MP: 2/2
   323 | D:1      | Reached skill level 5 in Polearms
  1283 | D:2      | Reached XP level 3. HP: 27/27 MP: 3/3
  1291 | D:2      | Noticed a scorpion
  1294 | D:2      | Killed a scorpion
  1295 | D:2      | Reached skill level 6 in Polearms
  1295 | D:2      | Reached XP level 4. HP: 33/33 MP: 4/4
  1591 | D:3      | Reached skill level 7 in Polearms
  1734 | D:3      | Noticed Grinder
  1988 | D:4      | Reached XP level 5. HP: 38/38 MP: 5/5
  2052 | D:4      | Slain by a sleepcap

Illustrated notes

Levels and vault maps discovered:
D:1:      nzn_arrival_depleted_hourglass, layout_basic,
          chequers_serial_rivers_small_b
D:2:      layout_loops_ring
D:3:      layout_rooms, lemuel_crystal_altar, uniq_grinder
D:4:      layout_basic, minmay_temple_entry_antechambers

Skill      XL: |  1  2  3  4 |
---------------+-------------+-----
Polearms       | 5 6 7 |  7.3
Fighting       | |  2.1
Throwing       | |  2.0
Dodging        | |  4.0

Action                     |  1- 3 |  4- 6 || total
---------------------------+-------+-------++-------
  Melee: Trident           |    66 |    84 ||   150
         Punch             |       |     1 ||     1
  Throw: Dart              |     1 |       ||     1
   Stab: Sleeping          |     3 |       ||     3
 Armour: Leather armour    |    12 |     2 ||    14
         Ring mail         |       |    29 ||    29
  Dodge: Dodged            |    32 |    41 ||    73
